 Dungeon Crawl Stone Soup version 0.29-a0-344-ge2f44be95a (webtiles) character file.

Game seed: 16022705097099094424

62491 Dauddaud the Severer (level 14, -5/35 (129) HPs)
             Began as a Minotaur Berserker on Apr 22, 2022.
             Was a High Priest of Trog.
             Slain by a large abomination (14 damage)
             ... on level 3 of the Abyss on Apr 23, 2022.
             The game lasted 01:17:44 (29639 turns).

Dauddaud the Severer (Minotaur Berserker)          Turns: 29639, Time: 01:17:45

HP:   -5/35 (129)   AC: 27    Str: 39    XL:     14   Next: 64%
MP:   14/14         EV: 12    Int:  7    God:    Trog [*****.]
Gold: 1335          SH:  0    Dex: 12    Spells: 13/13 levels left

rFire   + + +      SeeInvis .   H - +2 battleaxe (freeze)
rCold   . . .      Faith    +   (shield currently unavailable)
rNeg    . . .      Spirit   .   a - +1 plate armour {rF+}
rPois   .          Reflect  .   n - +2 hat
rElec   .          Harm     .   I - +1 cloak of Too Many Cooks {+Inv rF++ Int+3}
rCorr   .          Rampage  .   U - +0 pair of gloves
Will    +....                   h - +1 pair of boots
Stlth   ..........              X - amulet of faith
HPRegen 0.11/turn               t - +6 ring of strength
MPRegen 0.14/turn               T - +6 ring of strength

@: on berserk cooldown, extremely drained, unable to read
A: horns 2, retaliatory headbutt, iridescent scales 1, agile 1, high MP 1,
inability to read while threatened
a: Renounce Religion, Evoke Invisibility, Berserk, Trog's Hand, Brothers in Arms


You were on level 3 of the Abyss.
You worshipped Trog.
Trog was extremely pleased with you.
You visited 4 branches of the dungeon, and saw 21 of its levels.
You visited the Abyss 2 times.
You also visited: Ice Cave and Volcano.

You collected 2258 gold pieces.
You spent 923 gold pieces at shops.

Inventory:

Hand Weapons
 b - a +2 war axe of electrocution
 H - a +2 battleaxe of freezing (weapon)
Missiles
 K - 2 throwing nets (quivered)
Armour
 a - a +1 plate armour of fire resistance (worn)
 h - a +1 pair of boots (worn)
 n - a +2 hat (worn)
 I - the +1 cloak of Too Many Cooks (worn) {+Inv rF++ Int+3}
   (You found it on level 2 of the Lair of Beasts)

   Int:       It affects your intelligence (+3).
   rF:        It greatly protects you from fire.
   +Inv:      It lets you turn invisible.
 L - a +1 cloak of cold resistance
 U - a +0 pair of gloves (worn)
Jewellery
 e - a ring of flight
 g - a +6 ring of dexterity
 t - a +6 ring of strength (left hand)
 P - a ring of protection from cold
 T - a +6 ring of strength (right hand)
 X - an amulet of faith (around neck)
Wands
 d - a wand of mindburst (9)
 v - a wand of paralysis (27)
 E - a wand of acid (9)
 F - a wand of flame (15)
 N - a wand of iceblast (18)
Scrolls
 f - 4 scrolls of identify
 l - 5 scrolls of enchant armour
 m - 6 scrolls of magic mapping
 p - 2 scrolls of vulnerability
 s - 4 scrolls of teleportation
 u - 5 scrolls of enchant weapon
 y - 2 scrolls of immolation
 B - 5 scrolls of fear
 C - a scroll of holy word
 M - a scroll of silence
 S - a scroll of summoning
 V - 2 scrolls of fog
 Z - a scroll of torment {unknown}
Potions
 c - 11 potions of curing
 i - 2 potions of might {unknown}
 j - a potion of attraction {unknown}
 k - 5 potions of flight
 o - 2 potions of berserk rage {unknown}
 r - 2 potions of magic {unknown}
 x - a potion of heal wounds
 z - 3 potions of mutation
 A - 2 potions of invisibility
 D - 3 potions of lignification {unknown}
 G - 2 potions of resistance
 O - 2 potions of haste {unknown}
Miscellaneous
 q - a phial of floods


   Skills:
 * Level 13.1 Fighting
 - Level 20.0 Axes
 * Level 12.8 Armour
 + Level 8.5 Dodging
 - Level 10.6 Evocations


You had 13 spell levels left.
You didn't know any spells.
Your spell library was empty.

Dungeon Overview and Level Annotations

Branches:
Dungeon (13/15)            Temple (0/1) D:4            Lair (5/6) D:10
 Shoals (0/4) Lair:4        Snake (0/4) Lair:3        Slime (0/5) Lair:5
    Orc (2/2) D:12            Elf (1/3) Orc:2         IceCv (visited)
Volcano (visited)
 Vaults: D:13-14

Altars:
Ashenzari
Fedhas
Kikubaaqudgha
Trog
Xom
Zin

Shops:
D:1 (   D:11 [   Orc:2 ==?(=

Annotations:
D:10 1 runed translucent door, Zero's ghost, journeyman DDFi
Lair:4 2 transporters, Zifaijuz's ghost, journeyman OpCj
Elf:1 Jorgrun


Innate Abilities, Weirdness & Mutations

You have a pair of horns on your head.
You reflexively headbutt those who attack you in melee.
You are partially covered in iridescent scales. (AC +2)
You are agile. (Dex +2)
You have an increased reservoir of magic. (+10% MP)
You sometimes lose the ability to read scrolls when taking damage.


Message History

You slash the bone dragon! You freeze the bone dragon.
You headbutt the bone dragon, but do no damage.
The bone dragon is heavily damaged.
You slash the bone dragon! You freeze the bone dragon.
The bone dragon is severely damaged.
The bone dragon bites you!
You feel threatened and lose the ability to read scrolls!
The bone dragon claws you but does no damage.
The bone dragon tramples you!
You hold your ground!
You slice the bone dragon!! You freeze the bone dragon.
You headbutt the bone dragon!!
The bone dragon is almost destroyed.
You chop the bone dragon into pieces!!! You freeze the bone dragon.
You destroy the bone dragon!
That felt strangely unrewarding.
You start resting.
You feel a strong urge to attack something.
You start resting.
You are no longer berserk.
You are exhausted.
You feel yourself slow down.
You start resting.
A small abomination comes into view.
You can read scrolls again.
You feel drained.
You fail to use your ability.
Your magical contamination has completely faded away.
You start resting.
You feel yourself speed up.
You start resting.
A large abomination comes into view.
You're still recovering from your berserk rage.
You slice the large abomination!! You freeze the large abomination.
You headbutt the large abomination, but do no damage.
The large abomination is heavily damaged.
The large abomination hits you!!
You feel threatened and lose the ability to read scrolls!
Ouch! That really hurt!
* * * LOW HITPOINT WARNING * * *
You feel better. The large abomination hits you!
You die...

# .# ..
###_ #
#####. . #
...'.#####
# # #.#...
#X#.###
#.@.#.#
#...#.#
#.#...#
#.#####
#.. .. ##'
# # . #
### # # .
.. ..


You could see a large abomination.

Vanquished Creatures
  A bone dragon (Abyss:3)
  A tentacled starspawn (Abyss:1)
  A frost giant (IceCv)
  A vault guard (D:13)
  Erolcha (Orc:2)
  A hydra (D:12)
  A centaur warrior (Orc:2)
  Erica (D:8)
  2 boulder beetles
  A two-headed ogre (D:12)
  13 death yaks
  A dancing weapon (Orc:2)
  Sonja (Lair:5)
  A soul eater (Abyss:1)
  A wretched star (Abyss:2)
  The ghost of hemabe1971 the Charlatan, a novice HuAr of Okawaru (D:7)
  2 salamander mystics (Volcano)
  An orc knight (Orc:2)
  Pikel (D:6)
  A deep elf zephyrmancer (Elf:1)
  A deep elf pyromancer (D:12)
  An ugly thing (D:12)
  A salamander (Volcano)
  An orc sorcerer (Orc:1)
  7 cyclopes
  A worldbinder (Abyss:1)
  A manticore (Lair:4)
  4 elephants (Lair:2)
  Joseph (D:7)
  An ice statue (IceCv)
  4 smoke demons
  A molten gargoyle (Volcano)
  2 black mambas (Lair:4)
  8 cane toads
  A gargoyle (Volcano)
  Maggie (D:7)
  2 kobold demonologists (D:11)
  2 unseen horrors (D:11)
  7 rime drakes
  A tormentor (Abyss:3)
  6 komodo dragons
  Psyche (D:8)
  An efreet (Volcano)
  6 trolls
  9 polar bears
  3 large abominations
  7 blink frogs
  2 raiju
  A wind drake (Lair:4)
  4 small abominations
  5 flying skulls (Abyss:1)
  2 shadows
  A water elemental (Abyss:3)
  3 wraiths
  50 yaks
  Grum (D:8)
  6 wyverns
  A death yak simulacrum (Lair:2)
  A golden eye (Abyss:3)
  A neqoxec (Abyss:3)
  2 steam dragons (D:8)
  3 basilisks
  A chaos spawn (Abyss:1)
  9 vampire mosquitoes
  3 wargs
  3 acid dragons
  2 nagas (Lair:3)
  12 water moccasins
  A hell hound (Abyss:2)
  37 orc warriors
  6 black bears
  2 sky beasts
  4 ogres
  32 wolves
  8 centaurs
  4 kobold brigands
  18 bullfrogs
  2 necrophages
  3 scorpions
  A gnoll sergeant (D:13)
  15 wights
  2 elephant simulacra (Lair:2)
  3 killer bees
  2 howler monkeys
  5 crimson imps (Abyss:2)
  4 hounds
  2 quasits (Abyss:2)
  Crazy Yiuf (D:7)
  9 orc priests
  2 gnoll shamans
  A jelly (D:8)
  Jessica (D:2)
  Ijyb (D:3)
  Terence (D:3)
  6 iguanas
  14 orc wizards
  A wolf simulacrum (Lair:2)
  Robin (D:2)
  18 gnolls
  3 adders
  A shadow imp (D:7)
  5 white imps
  An ufetubus (D:4)
  3 worms
  4 dart slugs
  49 orcs
  10 bats
  A bat zombie (D:4)
  2 endoplasms
  7 giant cockroaches
  13 goblins
  6 hobgoblins
  4 jackals (D:3)
  5 quokkas
  2 ball pythons
  4 frilled lizards
  12 kobolds
  9 rats
  A rat zombie (D:4)
  3 starspawn tentacles (Abyss:1)
580 creatures vanquished.

Vanquished Creatures (collateral kills)
  A hydra (D:12)
  An orc warrior (Orc:1)
  3 orcs (Orc:1)
5 creatures vanquished.

Vanquished Creatures (others)
  A rime drake (IceCv)
  An orc (D:8)
  34 fungi
  42 plants
  6 starspawn tentacles
84 creatures vanquished.

Grand Total: 669 creatures vanquished

Notes
Turn   | Place    | Note
-------+----------+-------------------------------------------
     0 | D:1      | Dauddaud the Minotaur Berserker began the quest for the
                  | Orb.
     0 | D:1      | Reached XP level 1. HP: 19/19 MP: 0/0
    39 | D:1      | Reached skill level 4 in Axes
    77 | D:1      | Reached XP level 2. HP: 17/26 MP: 1/1
   562 | D:1      | Reached ** piety under Trog
   567 | D:1      | Found Xovuotwaf's Weapon Emporium.
   573 | D:1      | Reached skill level 5 in Axes
   845 | D:1      | Reached XP level 3. HP: 30/31 MP: 2/2
  1349 | D:2      | Noticed Robin
  1360 | D:2      | Killed Robin
  1361 | D:2      | Reached skill level 6 in Axes
  1361 | D:2      | Reached XP level 4. HP: 13/39 MP: 3/3
  1791 | D:2      | Found a faded altar of an unknown god.
  1977 | D:2      | Noticed Jessica
  1982 | D:2      | Killed Jessica
  2339 | D:2      | Reached XP level 5. HP: 45/45 MP: 4/4
  2633 | D:3      | Reached skill level 7 in Axes
  2776 | D:3      | Found a broken altar of Ashenzari.
  2792 | D:3      | Noticed Ijyb
  2800 | D:3      | Paralysed by Ijyb for 4 turns
  2810 | D:3      | Killed Ijyb
  2882 | D:3      | Found a blossoming altar of Fedhas.
  2889 | D:3      | Noticed Terence
  2897 | D:3      | Killed Terence
  3036 | D:3      | Reached *** piety under Trog
  3174 | D:3      | Identified the +0 robe of Sif Muna's Anger {rF- rN+ Str+2}
  3402 | D:3      | Found a faded altar of an unknown god.
  3406 | D:3      | Found a glowing silver altar of Zin.
  3695 | D:4      | Reached skill level 8 in Axes
  3701 | D:4      | Reached XP level 6. HP: 25/51 MP: 5/5
  4012 | D:4      | Found a staircase to the Ecumenical Temple.
  4418 | D:4      | Reached skill level 9 in Axes
  4938 | D:4      | Found an ancient bone altar of Kikubaaqudgha.
  4973 | D:5      | Entered Level 5 of the Dungeon
  5099 | D:5      | Reached XP level 7. HP: 57/57 MP: 6/6
  5114 | D:5      | Reached skill level 1 in Evocations
  5564 | D:5      | Reached skill level 10 in Axes
  6242 | D:6      | Reached XP level 8. HP: 63/64 MP: 7/7
  6355 | D:6      | Noticed Pikel
  6369 | D:6      | Killed Pikel
  6370 | D:6      | Reached skill level 11 in Axes
  6691 | D:6      | Reached skill level 12 in Axes
  6874 | D:7      | Reached **** piety under Trog
  7058 | D:7      | Noticed Joseph
  7063 | D:8      | Noticed Grum
  7072 | D:8      | Reached XP level 9. HP: 54/70 MP: 8/8
  7092 | D:7      | Reached skill level 13 in Axes
  7501 | D:7      | Reached skill level 5 in Evocations
  7964 | D:7      | Killed Joseph
  7980 | D:7      | Noticed Maggie
  8702 | D:7      | Killed Maggie
  8703 | D:7      | Reached skill level 14 in Axes
  8863 | D:7      | Found a runed translucent door.
  8868 | D:7      | Noticed hemabe1971's ghost (novice HuAr)
  8927 | D:7      | Found a runed translucent door.
  8928 | D:7      | Noticed Crazy Yiuf
  9134 | D:7      | Killed hemabe1971's ghost
  9383 | D:7      | Killed Crazy Yiuf
  9513 | D:8      | Reached skill level 15 in Axes
  9513 | D:8      | Reached XP level 10. HP: 63/77 MP: 9/9
 10440 | D:8      | Killed Grum
 10740 | D:8      | Reached skill level 16 in Axes
 11358 | D:8      | Noticed Psyche
 11443 | D:8      | Killed Psyche
 11753 | D:8      | Noticed Erica
 11775 | D:8      | Killed Erica
 12089 | D:8      | Reached XP level 11. HP: 82/82 MP: 10/10
 12239 | D:8      | Reached skill level 10 in Evocations
 14078 | D:10     | Entered Level 10 of the Dungeon
 14140 | D:10     | Found a staircase to the Lair.
 14749 | D:10     | Reached skill level 5 in Fighting
 14849 | D:10     | Found a runed translucent door.
 14849 | D:10     | Found a shimmering altar of Xom.
 14849 | D:10     | Noticed Zero's ghost (journeyman DDFi)
 14850 | D:10     | Noticed a +2 war axe of chaos
 15315 | D:11     | Reached skill level 5 in Armour
 15983 | D:11     | Noticed a boulder beetle
 16014 | D:11     | Killed a boulder beetle
 16978 | D:11     | Found Meumuluw's Armour Shoppe.
 17036 | D:11     | Reached XP level 12. HP: 99/100 MP: 11/11
 17055 | D:11     | Reached ***** piety under Trog
 17056 | D:11     | Reached skill level 5 in Dodging
 17673 | D:12     | Noticed a six-headed hydra
 17678 | D:12     | Killed a six-headed hydra
 18443 | D:12     | Noticed a two-headed ogre
 18455 | D:12     | Killed a two-headed ogre
 18808 | D:12     | Noticed a six-headed hydra
 18821 | D:12     | Killed an 11-headed hydra
 18936 | D:12     | Found a staircase to the Orcish Mines.
 18952 | D:12     | Noticed a boulder beetle
 18970 | D:12     | Killed a boulder beetle
 19601 | D:12     | Found a bloodstained altar of Trog.
 19927 | D:13     | Noticed a vault guard
 19942 | D:13     | Killed a vault guard
 19943 | D:13     | Reached skill level 10 in Fighting
 19947 | D:13     | Noticed a vault guard
 20160 | D:13     | Noticed an ogre mage
 20160 | D:13     | Noticed a vault guard
 20254 | Orc:1    | Entered Level 1 of the Orcish Mines
 20852 | Orc:2    | Entered Level 2 of the Orcish Mines
 20852 | Orc:2    | Found a staircase to the Elven Halls.
 20890 | Orc:2    | Noticed Erolcha
 20892 | Orc:2    | Cast into level 1 of the Abyss (Erolcha)
 21031 | Abyss:1  | Noticed a tentacled starspawn
 21047 | Abyss:1  | Killed a tentacled starspawn
 21170 | Abyss:1  | Noticed a hell hog
 21175 | Abyss:1  | Noticed a hell hog
 21232 | Abyss:2  | Noticed a balrug
 21336 | Abyss:2  | Noticed a tentacled starspawn
 21364 | Abyss:2  | Noticed a starcursed mass
 21477 | Orc:2    | Escaped the Abyss
 21479 | Orc:2    | Reached skill level 10 in Armour
 21512 | Orc:2    | Killed Erolcha
 21683 | Orc:2    | Found Mitz's Jewellery Boutique.
 22201 | Orc:2    | Noticed a centaur warrior
 22460 | Orc:2    | Reached XP level 13. HP: 78/116 MP: 12/12
 22509 | Orc:2    | Found Oskabyuck's Magic Scroll Boutique.
 22509 | Orc:2    | Found Eleamnao's Jewellery Shoppe.
 22511 | Orc:2    | Found Oxtean's Jewellery Emporium.
 22513 | Orc:2    | Found Neveig's Weapon Shop.
 22517 | Orc:2    | Bought a scroll of teleportation for 33 gold pieces
 22517 | Orc:2    | Bought a scroll of teleportation for 33 gold pieces
 22520 | Orc:2    | Bought a ring of flight for 297 gold pieces
 22995 | Elf:1    | Entered Level 1 of the Elven Halls
 23175 | Elf:1    | Noticed Jorgrun
 23193 | Elf:1    | HP: 5/116 [constriction (7)]
 23498 | Lair:1   | Entered Level 1 of the Lair of Beasts
 23572 | Lair:1   | Reached skill level 17 in Axes
 24235 | Lair:2   | Identified the +1 cloak of Too Many Cooks {+Inv rF++ Int+3}
 24280 | Lair:2   | Found a frozen archway.
 24306 | Lair:2   | Reached skill level 18 in Axes
 24342 | IceCv    | Entered an ice cave
 24497 | IceCv    | Reached skill level 19 in Axes
 24981 | IceCv    | Noticed a frost giant
 25119 | IceCv    | Reached skill level 20 in Axes
 25225 | IceCv    | Killed a frost giant
 25364 | IceCv    | Found the +2 Maxwell's thermic engine {flame, freeze}
 25740 | Lair:2   | Reached XP level 14. HP: 124/124 MP: 13/13
 26168 | Orc:2    | Bought an amulet of faith for 560 gold pieces
 26784 | Lair:3   | Found a staircase to the Snake Pit.
 26930 | Lair:3   | Identified the +5 hand axe "Qauzisu" {protect, Contam rElec
                  | rC+ rN++}
 27441 | Lair:4   | Found a staircase to the Shoals.
 27950 | Lair:4   | Gained mutation: You have an increased reservoir of magic.
                  | (+10% MP) [potion of mutation]
 27950 | Lair:4   | Gained mutation: You are partially covered in iridescent
                  | scales. (AC +2) [potion of mutation]
 27950 | Lair:4   | Gained mutation: You are agile. (Dex +2) [potion of
                  | mutation]
 28148 | Lair:4   | Found a transporter.
 28263 | Lair:4   | Found a transporter.
 28268 | Lair:4   | Noticed Zifaijuz's ghost (journeyman OpCj)
 28498 | Lair:5   | Noticed Sonja
 28506 | Lair:5   | Killed Sonja
 28608 | Lair:5   | Found a dark tunnel.
 28616 | Volcano  | Entered a volcano
 29027 | Volcano  | Noticed an orb of fire
 29182 | Volcano  | Cast into level 3 of the Abyss (a wizard)
 29191 | Abyss:3  | Found a bloodstained altar of Trog.
 29383 | Abyss:3  | Found a corrupted altar of Lugonu.
 29543 | Abyss:3  | Noticed a tentacled starspawn
 29555 | Abyss:3  | Gained mutation: You sometimes lose the ability to read
                  | scrolls when taking damage. [a neqoxec]
 29577 | Abyss:3  | Noticed a bone dragon
 29587 | Abyss:3  | Found a snail-covered altar of Cheibriados.
 29602 | Abyss:3  | Killed a bone dragon
 29639 | Abyss:3  | Slain by a large abomination

Illustrated notes

Levels and vault maps discovered:
D:1:      minmay_arrival_statue_studded, layout_basic, serial_shops,
          nicolae_shop_bloodbath_and_beyond, st_stairs_5, minmay_tromino_i2
D:2:      layout_loops_ring, shapermc_ecumenical_altar_acropolis, uniq_robin,
          uniq_jessica
D:3:      layout_basic, nicolae_overflow_ecumenical_swirl,
          mainiacjoe_overflow_boulevard, ashenzari_altar_1, grunt_ministairs_12,
          dreamdust_princess_corridor, uniq_terence, uniq_ijyb
D:4:      minmay_angry_zag, layout_basic, lemuel_zombie_altar_kikubaaqudgha,
          minmay_temple_entry_junction
D:5:      layout_loops_cross
D:6:      layout_gridville, uniq_pikel
D:7:      layout_rooms, ebering_ghost_reflecting_pool, uniq_joseph,
          uniq_crazy_yiuf_cottage, uniq_maggie
D:8:      minmay_imperfect_grid, layout_basic, uniq_erica, uniq_grum,
          uniq_psyche
D:9:      layout_loops_ring, hangedman_glass_teeth, roderic_serpentine_path
D:10:     layout_roguey, due_lair_maze_entry_diamond, ebering_ghost_xom
D:11:     layout_rooms, serial_shops, kennysheep_mini, minmay_strange_pillars
D:12:     layout_roguey, david_orc_1_choice, trog_butcher_becter
D:13:     layout_basic, grunt_vaults_entry_fortified
Lair:1:   layout_roguey, serial_bayou_shore_a
Lair:2:   layout_roguey, portal_ice_cave_entry_ice_simulacra, lemuel_fruit_tree,
          grunt_megastairs_5
Lair:3:   layout_hall_layers, minmay_snake_entry_guardpost_small
Lair:4:   layout_hall_layers, minmay_shoals_entry_beasts,
          gammafunk_ghost_berserking_beasts, cheibrodos_lair_reptile_den
Lair:5:   layout_loops_ring, slime_dummy, lightli_volcano_entry_magma_tube,
          grunt_forest_small_clearings, beast_lair_carwin_1, uniq_sonja,
          uniq_rupert, uniq_snorg, uniq_josephine
Orc:1:    layout_caves, serial_shops
Orc:2:    st_orc_rangers, layout_caves, minmay_shop_enchanted_jewellery,
          uniq_erolcha
Elf:1:    layout_geoelf_octagon, orc_legates, minmay_misc_feat_pillars,
          nicolae_twisting_strands, uniq_jorgrun
Abyss:3:  base: D:10, evilmike_abyss_exit_15, minivault_25, patterned_corridor,
          hangedman_abyss_or_decor_passed, lemuel_firewalk_3
Volcano:  hellmonk_zot_springs

Skill      XL: |  1  2  3  4  5  6  7  8  9 10 11 12 13 14 |
---------------+-------------------------------------------+-----
Axes           | 4 5 6 8 9 10 12 15 16 20 | 20.0
Evocations     | 2 4 6 9 10 | 10.6
Fighting       | 7 11 13 | 13.1
Armour         | 7 10 12 | 12.8
Dodging        | 4 7 8 |  8.5

Action                   |  1- 3 |  4- 6 |  7- 9 | 10-12 | 13-15 || total
-------------------------+-------+-------+-------+-------+-------++-------
Melee: Hand axe          |    99 |   132 |       |       |       ||   231
       Headbutt          |     7 |    25 |    32 |   155 |   120 ||   339
       War axe           |       |     8 |   218 |   820 |   268 ||  1314
       Punch             |       |     1 |       |     9 |     3 ||    13
       Battleaxe         |       |       |       |       |   205 ||   205
Throw: Throwing net      |       |       |       |       |     1 ||     1
Invok: Berserk           |       |     2 |     3 |    11 |     4 ||    20
       Trog's Hand       |       |       |     5 |     9 |     5 ||    19
       Brothers in Arms  |       |       |       |     5 |     3 ||     8
 Abil: Evoke Invisibilit |       |       |       |       |     6 ||     6
Evoke: Wand              |       |       |     1 |    16 |     7 ||    24
  Use: Scroll            |       |     4 |     1 |    16 |     8 ||    29
       Potion            |       |       |     2 |     4 |     9 ||    15
 Stab: Distracted        |       |       |       |     1 |       ||     1
       Invisible         |       |       |       |       |     1 ||     1
Armor: Animal skin       |    12 |       |       |       |       ||    12
       Ring mail         |    26 |    47 |    74 |       |       ||   147
       Acid dragon scale |       |       |     6 |    38 |       ||    44
       Chain mail        |       |       |       |   101 |       ||   101
       Plate armour      |       |       |       |   370 |   273 ||   643
Dodge: Dodged            |    58 |    62 |    97 |   355 |   190 ||   762

Table legend: (Time is in decaauts)
 A = Elapsed time spent in this place.
 B = Non-inter-level travel time spent in this place.
 C = Inter-level travel time spent in this place.
 D = Time resting spent in this place.
 E = Time spent auto-exploring this place.
 F = Levels seen in this place.
 G = Mean time per level.
                   A        B        C        D        E       F      G
               +--------+--------+--------+--------+--------+-----+--------+
         Total |  29549 |  28486 |   1063 |  11800 |  12128 |  26 | 1136.5 |
       Dungeon |  20519 |  19850 |    669 |   9095 |   8481 |  13 | 1578.4 |
          Lair |   3642 |   3444 |    198 |    717 |   2133 |   5 |  728.4 |
  Orcish Mines |   2564 |   2369 |    195 |    926 |    943 |   2 | 1282.0 |
   Elven Halls |     48 |     48 |      0 |      5 |      8 |   1 |   48.0 |
         Abyss |   1065 |   1065 |      0 |    371 |     10 |   3 |  355.0 |
      Ice Cave |   1148 |   1148 |      0 |    407 |    381 |   1 | 1148.0 |
       Volcano |    561 |    561 |      0 |    277 |    171 |   1 |  561.0 |
               +--------+--------+--------+--------+--------+-----+--------+

Top non-repeatable levels by time:
    D:12: 2472 daAuts
     D:8: 2448 daAuts
     D:7: 2247 daAuts
     D:6: 2081 daAuts
    D:11: 1941 daAuts
    D:10: 1613 daAuts
   Orc:2: 1570 daAuts
     D:2: 1415 daAuts
     D:4: 1354 daAuts
     D:9: 1294 daAuts
     D:1: 1179 daAuts
   IceCv: 1148 daAuts
     D:3: 1033 daAuts
  Lair:3: 1029 daAuts
     D:5: 1009 daAuts
